Map: Aura mortal EE

Players

OlllO - Winner!

  • Race: Terran Terran
  • League: Platinum
  • Spawn Location: 5:00

MrFercho

  • Race: Zerg Zerg
  • League: Gold
  • Spawn Location: 11:00

VOD

Have the link to the VOD?

Description

Time

  • Played on: Aug. 18, 2020, 11:33 p.m.
  • Length: 32:18
Show
View Real Time Build Order
Export as new Build Order

OlllO Terran - Winner!

Build Orders:  

Get SALT Encoding   

  12  0:00  SCV  
  13  0:13  SCV  
  14  0:19  Supply Depot  
  14  0:29  SCV  
  15  0:41  SCV  
  16  0:44  Refinery  
  16  0:52  Barracks  
  16  0:53  SCV  
  17  1:03  Refinery  
  17  1:05  SCV  
  18  1:17  SCV  
  19  1:29  SCV  
  20  1:38  Barracks Reactor  
  20  1:39  Supply Depot  
  20  1:41  SCV  
  21  1:47  Supply Depot  
  21  1:53  SCV  
  22  2:05  Factory, SCV  
  23  2:18  SCV  
  24  2:30  SCV  
  24  2:37  Marine x2  
  25  2:42  SCV  
  28  2:52  Starport, Widow Mine  
  28  2:58  Orbital Command  
  29  3:32  SCV  
  30  3:35  Barracks Tech Lab  
  30  3:39  Hellion x2  
  34  3:46  Armory  
  34  3:49  Barracks, Engineering Bay, SCV  
  34  3:52  Starport Tech Lab  
  35  3:57  Fusion Core  
  37  4:08  SCV  
  38  4:17  Command Center  
  38  4:20  SCV  
  37  5:01  SCV  
  38  5:08  Supply Depot  
  38  5:09  Battlecruiser  
  38  5:10  Terran Ship Weapons Level 1  
  38  5:12  Armory, Terran Infantry Weapons Level 1  
  40  5:21  Barracks Reactor  
  40  5:23  Barracks  
  40  5:27  SCV  
  41  5:29  Orbital Command  
  41  5:39  SCV  
  42  5:43  Barracks  
  42  5:47  Barracks  
  42  5:52  SCV  
  42  5:55  Supply Depot  
  43  5:57  Supply Depot  
  43  5:58  Orbital Command  
  43  6:13  Widow Mine x2  
  47  6:28  Terran Vehicle And Ship Armor Level 1  
  41  7:14  Terran Ship Weapons Level 2  
  43  7:17  Battlecruiser  
  47  7:24  SCV  
  47  7:26  SCV  
  47  7:28  Marine x3  
  47  7:29  Marine x3  
  55  7:36  SCV  
  56  7:38  SCV  
  57  7:46  Stimpack, Marine x6  
  57  7:48  SCV  
  57  7:50  SCV  
  65  7:56  Refinery  
  65  7:58  Refinery  
  65  8:04  Marine x3  
  68  8:10  Command Center  
  68  8:13  Terran Infantry Armor Level 1  
  68  8:15  Supply Depot  
  68  8:18  SCV  
  68  8:19  SCV  
  70  8:20  Refinery  
  70  8:29  Marine x2  
  70  8:30  Marauder, Marine  
  70  8:31  Marine, SCV x2  
  70  8:33  Marine  
  79  8:47  Marine x2  
  81  8:48  Marine  
  81  8:51  Marauder  
  84  9:09  Marine  
  85  9:35  SCV x2  
  85  9:38  Barracks Tech Lab x3  
  87  9:47  SCV  
  88  9:58  Combat Shield  
  88  10:06  Terran Vehicle And Ship Armor Level 2  
  88  10:21  Starport  
  88  10:24  Terran Infantry Armor Level 2  
  88  10:25  Starport  
  88  10:28  Engineering Bay  
  88  10:31  Weapon Refit  
  88  10:34  Supply Depot  
  86  10:43  Factory Tech Lab  
  86  11:12  Starport Tech Lab  
  56  11:32  Marine  
  56  11:33  Marine x5  
  62  11:46  Battlecruiser  
  68  11:47  Starport Tech Lab  
  68  11:50  Marine  
  68  11:51  Marine x5  
  68  11:53  Terran Infantry Weapons Level 2  
  74  11:55  Terran Ship Weapons Level 3  
  74  11:59  Thor  
  80  12:06  Planetary Fortress  
  80  12:08  Marine  
  80  12:09  Marine x5, SCV x2  
  88  12:21  SCV x2  
  88  12:22  Terran Vehicle Weapons Level 1  
  90  12:26  Marine x4  
  90  12:27  Marine x2, Factory  
  96  12:33  SCV  
  97  12:40  Command Center  
  97  12:42  Thor  
  97  12:44  Marine x6  
  109  13:01  Marine  
  109  13:02  Marine  
  109  13:03  Marauder x4  
  119  13:24  Marauder x2  
  118  14:08  Marauder x3  
  118  14:09  Marauder, Marine x2  
  128  14:27  Marine x2  
  128  14:29  Marauder, Marine  
  128  14:30  Marauder x2  
  137  14:44  Marine  
  137  14:45  Marine  
  139  14:47  Marine  
  139  14:50  Marine  
  141  15:02  Refinery, SCV  
  141  15:06  Refinery  
  136  15:14  SCV  
  136  15:21  SCV x2  
  137  15:25  Planetary Fortress  
  137  15:26  SCV  
  139  15:33  SCV x2  
  113  15:38  SCV  
  113  15:45  SCV x2  
  110  15:50  SCV  
  110  15:53  Marine x2  
  110  15:54  Marine x4  
  93  16:02  SCV  
  92  16:11  Marine x6  
  86  16:13  SCV  
  86  16:17  Missile Turret  
  93  16:20  Battlecruiser x2  
  93  16:22  Factory Tech Lab  
  106  16:25  SCV  
  106  16:29  Thor, Marine x6  
  106  16:32  Smart Servos  
  118  16:37  SCV  
  119  16:44  Factory  
  119  16:46  Marine  
  120  16:47  Marine x5  
  120  16:49  SCV  
  126  16:54  Refinery  
  126  16:55  Refinery  
  126  17:02  SCV  
  126  17:05  Marine x3  
  130  17:09  Missile Turret  
  130  17:13  Missile Turret  
  130  17:14  SCV  
  131  17:16  Missile Turret  
  131  17:18  Missile Turret  
  131  17:26  SCV  
  132  18:37  Marine  
  132  18:38  Marauder x4  
  141  18:53  Factory Tech Lab  
  141  19:07  Terran Infantry Armor Level 3  
  141  19:08  Terran Vehicle And Ship Armor Level 3  
  141  19:09  Terran Vehicle Weapons Level 2  
  141  19:11  Terran Infantry Weapons Level 3  
  141  19:13  Concussive Shells  
  141  19:16  Marine  
  141  19:17  Marauder x2, Marine x2  
  142  19:18  Marauder  
  150  19:34  Marine  
  150  19:35  Marauder  
  153  19:39  Marauder  
  131  20:57  Marine x2  
  131  20:58  Marine x4  
  131  21:15  Marine x6  
  130  21:33  Marine x6  
  119  21:50  Marine  
  110  22:09  Marine  
  110  22:10  Marine x2  
  86  22:27  Marine  
  86  22:28  Marine  
  55  22:50  Marauder x2  
  59  22:54  Refinery  
  59  23:06  Factory  
  59  23:07  Factory, Terran Vehicle Weapons Level 3  
  59  23:08  Barracks x2, Factory  
  59  23:09  Barracks  
  59  23:10  Factory  
  59  23:11  Marauder x2  
  63  23:29  Command Center  
  63  23:32  Marauder, Fusion Core  
  63  23:33  Marauder, Command Center  
  66  23:54  Marauder x2  
  55  24:11  Factory Tech Lab x2  
  55  24:12  Factory Tech Lab  
  55  24:13  Factory Tech Lab  
  55  24:15  Marauder  
  57  24:29  Barracks Reactor  
  57  24:30  Barracks Reactor  
  57  24:31  Barracks Reactor  
  57  24:36  Battlecruiser  
  63  24:40  Orbital Command  
  63  24:52  Marine  
  64  25:31  Siege Tank  
  64  25:32  Command Center  
  59  25:47  Marine  
  59  25:48  Marine x4  
  52  26:03  Siege Tank  
  43  26:17  SCV  
  44  26:29  SCV  
  45  26:36  Refinery  
  45  26:37  Refinery  
  45  26:41  SCV  
  46  26:48  Command Center  
  46  26:53  SCV  
  47  27:05  SCV  
  42  27:17  SCV  
  43  27:32  Marine  
  43  27:33  Marine x7  
  46  27:50  Marine x2  
  46  27:51  Marine x6  
  46  28:08  Marine  
  47  28:31  Marine  
  47  28:32  Marine x7  
  55  28:35  SCV  
  56  28:44  Planetary Fortress  
  56  28:49  Marine x2  
  56  28:50  Marine x6  
  64  29:07  Marine  
  48  30:03  Marine  
  48  30:04  Marine x5  
  52  30:21  Marine, Battlecruiser  
  58  30:22  Marine x5  
  64  30:39  Marine x6  
  69  30:44  SCV  
  69  30:46  SCV  
  67  30:56  SCV  
  67  30:57  Marine x6  
  59  30:58  SCV  
  56  31:08  SCV  
  56  31:10  SCV  
  59  31:20  SCV  
  59  31:22  SCV  
  59  31:32  SCV  
  60  31:34  SCV  
  67  31:47  SCV  
  67  31:50  SCV  
  69  31:59  SCV  
Show
View Real Time Build Order
Export as new Build Order

MrFercho Zerg 

Build Orders: Hatch First, Lurkers 

Get SALT Encoding   

  12  0:00  Drone  
  13  0:13  Overlord  
  13  0:17  Drone  
  14  0:31  Drone x2  
  16  0:50  Hatchery  
  16  0:53  Drone  
  16  0:56  Drone  
  17  0:59  Drone  
  18  1:11  Extractor  
  17  1:19  Spawning Pool  
  17  1:20  Drone  
  17  1:23  Drone  
  18  1:29  Drone  
  19  1:44  Drone  
  20  1:51  Overlord  
  20  2:04  Drone  
  20  2:06  Queen x2  
  25  2:08  Zergling x2  
  25  2:12  Zergling x2  
  27  2:19  Drone  
  28  2:23  Drone  
  29  2:30  Drone  
  29  2:34  Overlord  
  30  2:43  Drone  
  31  2:45  Queen  
  31  2:47  Metabolic Boost  
  33  2:51  Lair  
  33  2:57  Overlord  
  33  2:58  Overlord  
  33  3:00  Drone  
  34  3:08  Drone x3  
  37  3:30  Overlord  
  37  3:32  Drone  
  37  3:33  Drone x5  
  43  3:50  Evolution Chamber  
  42  3:56  Drone x2, Evolution Chamber  
  42  3:57  Drone x3  
  42  3:58  Drone x4  
  42  4:01  Extractor  
  42  4:02  Extractor, Overlord x2  
  48  4:29  Zergling x6  
  48  4:30  Zergling x4  
  53  4:35  Zerg Missile Weapons Level 1  
  53  4:38  Zerg Melee Weapons Level 1  
  53  4:46  Drone, Spine Crawler  
  53  4:52  Queen  
  54  5:25  Drone x12  
  66  5:29  Hatchery  
  66  5:34  Hatchery  
  66  5:35  Hydralisk Den  
  63  5:38  Drone  
  63  5:39  Baneling Nest  
  63  5:40  Drone  
  64  5:51  Drone x2  
  66  6:09  Muscular Augments  
  66  6:11  Drone  
  67  6:17  Drone x3  
  67  6:18  Drone x3  
  73  6:29  Spore Crawler  
  67  6:33  Hydralisk x4  
  67  6:39  Spore Crawler x2  
  71  6:40  Spore Crawler  
  62  7:20  Grooved Spines, Spore Crawler  
  61  7:23  Zerg Missile Weapons Level 2  
  61  7:25  Zerg Melee Weapons Level 2  
  61  7:29  Drone  
  65  7:30  Drone x7  
  65  7:32  Drone x2  
  65  7:33  Drone x2  
  65  7:36  Extractor  
  72  7:37  Extractor  
  72  7:38  Spore Crawler  
  70  7:50  Drone  
  71  7:54  Extractor, Drone x3  
  71  7:55  Drone  
  71  7:56  Drone  
  75  8:00  Infestation Pit  
  75  8:02  Lurker Den  
  73  8:08  Spire  
  73  8:09  Zergling x14  
  73  8:11  Overlord  
  73  8:12  Overlord x5  
  79  8:29  Queen x2  
  83  8:38  Hydralisk x6  
  83  8:39  Hydralisk x3  
  94  9:18  Baneling Nest  
  93  9:56  Queen  
  95  10:02  Hatchery  
  95  10:06  Hatchery  
  93  10:08  Overseer  
  93  10:10  Hydralisk x11  
  93  10:11  Hydralisk x5  
  125  10:46  Lurker x2  
  126  10:50  Overlord x3  
  124  10:58  Baneling x7  
  124  10:59  Baneling x13  
  97  11:33  Hydralisk x12  
  118  11:48  Drone x3  
  118  11:51  Drone  
  122  11:55  Hive  
  122  11:56  Zerg Flyer Weapons Level 1  
  122  12:15  Centrifical Hooks, Spore Crawler  
  122  12:20  Drone x6  
  122  12:21  Drone x7  
  122  12:22  Spore Crawler  
  133  12:23  Queen  
  133  12:24  Overlord, Spore Crawler  
  133  12:25  Extractor  
  133  12:29  Lurker x4  
  137  12:33  Hydralisk x2  
  141  12:39  Extractor  
  140  13:13  Spore Crawler  
  140  13:15  Spore Crawler  
  134  13:22  Lurker  
  128  13:35  Lurker Den  
  128  13:36  Hydralisk x8  
  128  13:37  Hydralisk x3  
  136  14:00  Spire  
  123  14:05  Zergling x36  
  137  14:14  Spore Crawler  
  136  14:50  Baneling  
  136  14:51  Baneling x14  
  136  14:52  Baneling, Hydralisk x7  
  132  15:13  Seismic Spines, Hatchery  
  131  15:18  Drone x8  
  117  15:53  Zergling x18  
  79  16:06  Hydralisk x3  
  82  16:19  Adaptive Talons  
  82  16:23  Hydralisk  
  82  16:24  Hydralisk x8  
  100  16:31  Drone  
  100  16:32  Drone x17  
  118  16:36  Queen  
  118  16:38  Extractor  
  119  16:46  Pneumatized Carapace  
  119  17:10  Hatchery  
  119  17:13  Hydralisk  
  119  17:14  Hydralisk x10  
  140  17:18  Lurker  
  125  17:55  Extractor x2  
  92  18:51  Extractor  
  92  18:53  Baneling Nest  
  90  19:01  Queen  
  92  19:02  Hydralisk  
  92  19:03  Hydralisk x23  
  92  19:04  Hydralisk x6  
  152  19:15  Overlord x2  
  152  19:16  Overlord  
  151  19:32  Lurker x2  
  151  19:33  Lurker  
  151  19:34  Lurker  
  151  19:38  Corruptor  
  157  20:01  Drone  
  157  20:02  Drone x10  
  168  20:07  Corruptor x4  
  171  20:33  Corruptor  
  171  20:34  Corruptor x2  
  167  20:55  Lair  
  165  20:57  Hydralisk Den  
  163  21:08  Zergling x2  
  163  21:09  Zergling x16  
  145  22:02  Hatchery  
  143  22:11  Hatchery  
  132  22:16  Hatchery  
  118  22:27  Hydralisk  
  118  22:28  Hydralisk x20  
  92  22:59  Zergling x18  
  101  23:22  Hydralisk x8  
  101  23:23  Hydralisk x4  
  118  23:55  Hydralisk x7  
  105  23:56  Hydralisk  
  86  24:32  Zergling x28  
  100  25:00  Hydralisk x8  
  100  25:05  Baneling  
  100  25:06  Baneling x11  
  116  25:24  Spire  
  115  25:30  Overseer  
  73  25:51  Hydralisk x4  
  73  25:52  Hydralisk x6  
  75  26:23  Zergling x12  
  75  26:24  Zergling x20  
  91  26:29  Hydralisk  
  91  26:30  Hydralisk  
  95  26:49  Hydralisk x5  
  105  26:55  Drone x3  
  100  27:25  Hydralisk  
  100  27:26  Hydralisk x7  
  80  27:54  Zergling x2  
  80  27:55  Zergling x36  
  79  28:09  Extractor  
  79  28:10  Extractor  
  75  28:27  Lurker Den  
  75  28:30  Overlord  
  74  28:34  Overseer  
  74  28:59  Hydralisk x9  
  74  29:00  Hydralisk x2  
  96  29:03  Spore Crawler  
  89  29:11  Spore Crawler  
  89  29:12  Spore Crawler  
  89  29:16  Spore Crawler  
  80  29:27  Lurker x2  
  27  30:00  Zergling x12  
  33  30:10  Zergling x4  
  22  31:03  Hatchery  
  18  31:32  Zergling x8  
  20  31:33  Zergling x4  
Tags
 
Composition
Lurkers
Matchup
TvZ
Replay Pack
MrFercho
Spawn Locations
Cross Positions
Add a new tag
Caveats
  • Supply blocks, unpowered buildings, or Contaminate may cause inaccurate times.
  • Supply counts are checked every 10 seconds.